 Dungeon Crawl Stone Soup version 0.14-a0-2723-gdc5d926 (console) character file.

28812 fdapopo the Executioner (level 13, 0/122 HPs)
             Began as a Hill Orc Berserker on Feb 19, 2014.
             Was a High Priest of Trog.
             Slain by an ice devil (31 damage)
             ... summoned by a deep elf sorcerer
             ... on Level 3 of the Elven Halls.
             The game lasted 00:58:14 (8414 turns).

fdapopo the Executioner (Hill Orc Berserker)        Turns: 8414, Time: 00:58:14

HP   0/122       AC 23     Str 27      XL: 13   Next: 40%
MP   4/4         EV  7     Int  7      God: Trog [*****.]
Gold 50          SH  0     Dex 10      Spells:  0 memorised, 12 levels left

rFire  . . .     SeeInvis .     n - +0,+3 battleaxe (antimagic)
rCold  . . .     Clarity  .     E - +4 orc plate armour {MR+}
rNeg   . . .     Conserve +     (no shield)
rPois  +         rCorr    .     (no helmet)
rElec  +         rRot     .     F - +0 cloak of Ennui {Acc+5 Dam+4 Stlth+}
SustAb . .       Spirit   .     G - +2 pair of gloves "Waetoxy" {rElec rPois Str+2}
rMut   .         Warding  .     X - +0 pair of boots
Saprov + . .     Stasis   .     a - amulet of conservation
MR     ++...                    (no ring)
                                D - cursed ring of protection from magic

@: studying 2 skills, drained, very resistant to hostile enchantments, extremely
unstealthy
A: saprovore 1
a: Burn Spellbooks, Berserk, Trog's Hand, Brothers in Arms, Renounce Religion


You were on level 3 of the Elven Halls.
You worshipped Trog.
Trog was extremely pleased with you.
You were hungry.

You visited 3 branches of the dungeon, and saw 17 of its levels.
You also visited: Bailey and Volcano.

You collected 1408 gold pieces.
You spent 1358 gold pieces at shops.

Inventory:

Hand weapons
 b - a +2,+2 orcish broad axe
 n - a +0,+3 anti-magic battleaxe (weapon)
 s - a +4,+7 orcish executioner's axe of chopping
 t - the +8,+3 bardiche of Watchfulness {slay drac, Contam +Rage rPois MR++ Str+1, unknown}
   (You found it on level 3 of the Elven Halls)

   This legendary weapon is deadly to all dragonkind.
   It affects your strength (+1).
   It protects you from poison.
   It affects your resistance to hostile enchantments.
   It lets you go berserk.
   It causes magical contamination when unequipped.
Missiles
 L - 2 tomahawks (quivered)
Armour
 e - a +0 pair of orcish gloves
 E - a +4 orcish plate armour of magic resistance (worn)
 F - the +0 cloak of Ennui (worn) {Acc+5 Dam+4 Stlth+}
   (You bought it in a shop on level 4 of the Orcish Mines)

   It affects your accuracy with ranged weapons and melee attacks (+5).
   It affects your damage with ranged weapons and melee attacks (+4).
   It makes you much more stealthy.
 G - the cursed +2 pair of gloves "Waetoxy" (worn) {rElec rPois Str+2}
   (You bought it in a shop on level 4 of the Orcish Mines)

   It affects your strength (+2).
   It insulates you from electricity.
   It protects you from poison.
   It has a curse placed upon it.
 T - a +4 chain mail of poison resistance
 X - a +0 pair of boots (worn)
Magical devices
 i - a wand of fireball (3) {unknown}
 v - a wand of digging (10)
 A - a wand of frost (18)
 O - a wand of confusion (14) {unknown}
Comestibles
 c - 2 meat rations
 m - a rotting chunk of elf flesh
 u - a chunk of elf flesh
 Q - 2 beef jerkies
 R - 9 cheeses
 S - 2 bread rations
Scrolls
 d - a scroll of enchant armour {unknown}
 h - a scroll of fear {unknown}
 p - a scroll of enchant weapon I
 q - a scroll of teleportation
 N - 6 scrolls of remove curse
Jewellery
 a - an amulet of conservation (around neck)
 k - an uncursed amulet of warding
 o - an uncursed ring of ice
 r - an uncursed amulet of inaccuracy {unknown}
 D - a cursed ring of protection from magic (left hand)
Potions
 f - 2 potions of berserk rage
 g - a potion of mutation {unknown}
 l - 5 potions of flight
 H - 3 potions of cure mutation {unknown}
 P - 4 potions of might {unknown}
Books
 j - a manual of Shields
 w - a manual of Fighting


   Skills:
 - Level 13.0(12.6) Fighting
 + Level 23.4(22.9) Axes
 - Level 6.0(5.7) Armour
 - Level 1.5(1.2) Dodging


You had 12 spell levels left.
You didn't know any spells.

Dungeon Overview and Level Annotations

Branches:
Dungeon (10/16)               Orc (4/4) D:9             Elf (3/3) Orc:3
 Temple: D:4-7         Lair: D:8-11

Altars:
Makhleb
Beogh

Shops:
D:5 [   D:7 (   Orc:1 =   Orc:4 [:([

Annotations:
D:3 Grinder


Innate Abilities, Weirdness & Mutations

You can tolerate rotten meat.


Message History

Trog appreciates your killing of a magic user.
You completely miss the ice devil.
The ice devil hits you but does no damage.
You slash the ice devil!
The ice devil is lightly wounded.
You slash the ice devil!
The ice devil is moderately wounded.
The ice devil barely misses you.
You hit the ice devil.
The ice devil is moderately wounded.
The ice devil hits you! The ice devil freezes you!
* * * LOW HITPOINT WARNING * * *
You hit the ice devil but do no damage.
The ice devil is moderately wounded.
You hit the ice devil.
The ice devil is moderately wounded.
The ice devil hits you.
* * * LOW HITPOINT WARNING * * *
The ice devil freezes you!
You die...

▒∙∙∙∙∙∙∙∙∙∙∙▒
▒∙∙∙∙∙∙∙∙∙∙∙▒
▒∙∙∙∙∙∙∙∙∙∙∙▒
▒∙∙∙∙∙∙∙∙∙∙∙▒
▒∙∙∙∙(e3∙∙∙∙▒
▒▒▒∙∙∙∙∙∙∙▒▒▒▒
▒▒∙∙∙∙∙▒▒▒∙▒
▒▒▒e▒▒▒▒∙▒
▒∙▒@▒∙▒ ▒∙▒▒3▒
▒∙e)▒▒ ▒▒∙▒▒
▒▒▒▒▒▒▒▒▒▒▒▒∙▒
▒∙∙∙∙∙∙∙∙∙∙∙∙▒
▒∙▒▒▒▒▒▒▒▒▒▒▒▒
▒▒▒▒∙▒▒▒▒▒▒▒


∙∙∙∙∙∙∙∙∙∙∙∙∙ You could see an ice devil.

Vanquished Creatures
  A deep elf blademaster (Elf:3)
  A deep elf sorcerer (Elf:3)
  An orc warlord (Orc:4)
  A deep elf demonologist (Elf:3)
  2 deep elf annihilators (Elf:3)
  Fannar (Elf:3)
  3 orc high priests
  A deep elf knight (Elf:2)
  3 deep elf summoners
  2 orc knights
  5 deep elf conjurers
  A hill giant (D:9)
  An orc sorcerer (Elf:1)
  Maurice (D:9)
  A feature mimic (Orc:4)
  A two-headed ogre (Orc:4)
  A deep elf priest (Elf:2)
  A jumping spider (Elf:2)
  A troll (D:8)
  A tarantella (Elf:1)
  A fire bat (Volcano)
  A toenail golem (Volcano)
  9 deep elf magi
  Grum (Orc:1)
  A hog (D:7)
  6 deep elf fighters
  Edmund (D:8)
  2 wolves
  A necrophage (D:8)
  A human (D:7)
  36 orc warriors
  An ice beast (D:8)
  9 ogres
  A lava worm (Volcano)
  4 wargs (Orc:4)
  6 centaurs
  3 giant frogs
  A gnoll sergeant (D:10)
  An eye of draining (D:8)
  6 crimson imps
  A goliath beetle (D:7)
  A quasit (D:9)
  4 lava snakes (Volcano)
  2 hounds
  A jelly (D:9)
  27 orc priests
  2 iguanas (D:9)
  2 orange rats
  25 orc wizards
  8 worker ants
  A scorpion (D:6)
  3 sheep (D:7)
  A sky beast zombie (D:8)
  An ogre skeleton (D:9)
  A hound skeleton (D:8)
  2 mummies
  2 adders
  A gnoll skeleton (D:4)
  7 gnolls
  An inept feature mimic (D:5)
  2 worms
  A giant mite (D:6)
  The ghost of 4tharraofdagon the Chopper, a weakling DjBe of Trog (D:4)
  A giant eyeball (D:8)
  3 giant geckos
  141 orcs
  A giant cockroach (D:5)
  13 goblins
  6 hobgoblins
  9 jackals
  2 quokkas
  4 bats
  2 giant newts (D:7)
  2 hobgoblin skeletons (D:4)
  A jackal skeleton (D:5)
  5 kobolds
  3 orc zombies
  A quokka zombie (D:6)
  5 rats
  A fungus (Elf:2)
419 creatures vanquished.

Vanquished Creatures (collateral kills)
  An efreet (Volcano)
  A red devil (Volcano)
  A toenail golem (Volcano)
  A molten gargoyle (Volcano)
  An ugly thing (Volcano)
  A clay golem (Volcano)
6 creatures vanquished.

Vanquished Creatures (others)
  A deep elf high priest (Elf:3)
  A centaur (D:8)
  An orc wizard (Orc:3)
3 creatures vanquished.

Grand Total: 428 creatures vanquished

Notes
Turn   | Place    | Note
--------------------------------------------------------------
     0 | D:1      | fdapopo, the Hill Orc Berserker, began the quest for the Orb.
     0 | D:1      | Reached XP level 1. HP: 19/19 MP: 1/1
   183 | D:3      | Reached XP level 2. HP: 20/26 MP: 2/2
   335 | D:2      | Reached skill level 5 in Axes
   392 | D:3      | HP: 1/26 [giant gecko (4)]
   473 | D:4      | Noticed an ogre
   480 | D:3      | Noticed Grinder
   489 | D:3      | Paralysed by Grinder for 3 turns
   778 | D:4      | Reached skill level 6 in Axes
   778 | D:4      | Reached XP level 3. HP: 25/31 MP: 3/3
   915 | D:4      | Noticed 4tharraofdagon's ghost (weakling DjBe)
   939 | D:4      | Killed 4tharraofdagon's ghost
   939 | D:4      | Reached XP level 4. HP: 27/39 MP: 4/4
   989 | D:5      | Entered Level 5 of the Dungeon
  1066 | D:5      | Found Mnotaot's Armour Boutique.
  1081 | D:5      | Acquired Trog's second power
  1209 | D:6      | Reached skill level 7 in Axes
  1209 | D:6      | Reached XP level 5. HP: 34/45 MP: 5/5
  1360 | D:6      | Reached skill level 8 in Axes
  1439 | D:6      | Noticed a centaur
  1450 | D:6      | Reached XP level 6. HP: 37/51 MP: 6/6
  1469 | D:6      | Killed a centaur
  1469 | D:6      | Reached skill level 9 in Axes
  1777 | D:7      | Reached skill level 10 in Axes
  1777 | D:7      | Reached XP level 7. HP: 20/57 MP: 7/7
  1890 | D:7      | Found a flagged portal.
  1949 | Bailey   | Entered a bailey
  2132 | Bailey   | Reached skill level 11 in Axes
  2295 | Bailey   | HP: 1/57 [orc warrior/orcish trident (11)]
  2296 | Bailey   | Reached skill level 12 in Axes
  2296 | Bailey   | Reached XP level 8. HP: 1/64 MP: 8/8
  2569 | Bailey   | Noticed an orc knight
  2584 | Bailey   | Killed an orc knight
  2584 | Bailey   | Reached skill level 13 in Axes
  2905 | Bailey   | Reached skill level 14 in Axes
  2947 | Bailey   | Reached XP level 9. HP: 37/72 MP: 9/9
  3014 | D:7      | Found Wokit's Antique Weapon Shoppe.
  3067 | D:8      | Reached skill level 5 in Fighting
  3508 | D:8      | Reached skill level 5 in Armour
  3518 | D:8      | Paralysed by a giant eyeball for 3 turns
  3624 | D:7      | Noticed a hog
  3632 | D:7      | Killed a hog
  3767 | D:9      | Noticed a hill giant
  3781 | D:8      | Reached skill level 10 in Fighting
  3864 | D:9      | Noticed Edmund
  3885 | D:8      | Killed Edmund
  3885 | D:8      | Reached XP level 10. HP: 41/94 MP: 10/10
  4147 | D:9      | Acquired Trog's third power
  4159 | D:9      | Found a staircase to the Orcish Mines.
  4237 | D:10     | Entered Level 10 of the Dungeon
  4261 | D:9      | Killed a hill giant
  4261 | D:9      | Reached skill level 15 in Axes
  4427 | D:9      | Found a roughly hewn altar of Beogh.
  4552 | Orc:1    | Entered Level 1 of the Orcish Mines
  4552 | Orc:1    | Noticed Maurice
  4552 | Orc:1    | Noticed Grum
  4567 | D:9      | Killed Maurice
  4637 | Orc:1    | Killed Grum
  4686 | Orc:1    | Found Strish's Jewellery Shop.
  4999 | Orc:3    | Reached skill level 16 in Axes
  5068 | Orc:4    | Entered Level 4 of the Orcish Mines
  5089 | Orc:3    | Received a gift from Trog
  5238 | Orc:3    | Found a staircase to the Elven Halls.
  5258 | Orc:2    | Noticed an orc high priest
  5319 | Orc:3    | Found a dark tunnel.
  5340 | Volcano  | Entered a volcano
  5428 | Volcano  | Reached XP level 11. HP: 69/107 MP: 11/11
  5495 | Volcano  | Found a bloodstained altar of Trog.
  5510 | Volcano  | Reached skill level 17 in Axes
  5671 | Orc:4    | Found a burning altar of Makhleb.
  5691 | Orc:4    | Found Thuolac's Armour Emporium.
  5823 | Orc:4    | Found a roughly hewn altar of Beogh.
  5940 | Orc:4    | Found a roughly hewn altar of Beogh.
  6055 | Orc:4    | Found a roughly hewn altar of Beogh.
  6072 | Orc:4    | Noticed an orc high priest
  6080 | Orc:4    | Killed an orc high priest
  6080 | Orc:4    | Reached skill level 18 in Axes
  6081 | Orc:4    | Found Kiuroeni's Book Shop.
  6182 | Orc:4    | Received a gift from Trog
  6316 | Orc:4    | Noticed an orc warlord
  6317 | Orc:4    | Noticed an orc knight
  6318 | Orc:4    | Noticed an orc high priest
  6353 | Orc:4    | Killed an orc knight
  6542 | Orc:4    | Killed an orc warlord
  6542 | Orc:4    | Reached skill level 19 in Axes
  6607 | Orc:4    | Killed an orc high priest
  6613 | Orc:4    | Received a gift from Trog
  6694 | Orc:4    | Found Trixt's Antique Weapon Shoppe.
  6694 | Orc:4    | Found a roughly hewn altar of Beogh.
  6698 | Orc:4    | Found Wuybbuo's Antique Armour Emporium.
  6701 | Orc:4    | Wuybbuo's Antique Armour Emporium was a mimic.
  6770 | Orc:4    | Found a roughly hewn altar of Beogh.
  6770 | Orc:4    | Found Eshi Had's Antique Armour Shoppe.
  6795 | Orc:4    | Reached XP level 12. HP: 61/115 MP: 12/12
  7001 | Orc:4    | Reached skill level 20 in Axes
  7069 | Orc:4    | Bought the +0 cloak of Ennui {Acc+5 Dam+4 Stlth+} for 465 gold pieces
  7069 | Orc:4    | Bought the cursed +2 pair of gloves "Waetoxy" {rElec rPois Str+2} for 618 gold pieces
  7170 | Orc:3    | Killed an orc high priest
  7457 | Orc:1    | Bought an uncursed ring of protection from magic for 275 gold pieces
  7557 | Elf:1    | Entered Level 1 of the Elven Halls
  7742 | Elf:1    | Reached skill level 21 in Axes
  7917 | Elf:3    | Entered Level 3 of the Elven Halls
  7957 | Elf:3    | Noticed Fannar
  7969 | Elf:3    | Killed Fannar
  7969 | Elf:3    | Received a gift from Trog
  7969 | Elf:3    | Reached skill level 22 in Axes
  8067 | Elf:3    | Got an iridescent bardiche
  8127 | Elf:3    | Noticed a deep elf high priest
  8148 | Elf:3    | Killed a deep elf high priest
  8166 | Elf:3    | Reached XP level 13. HP: 85/122 MP: 4/13
  8197 | Elf:3    | Noticed a deep elf blademaster
  8209 | Elf:3    | Killed a deep elf blademaster
  8252 | Elf:3    | Noticed a deep elf annihilator
  8271 | Elf:3    | Killed a deep elf annihilator
  8271 | Elf:3    | Reached skill level 23 in Axes
  8291 | Elf:3    | Noticed a deep elf sorcerer
  8314 | Elf:3    | Killed a deep elf sorcerer
  8332 | Elf:3    | Noticed a deep elf demonologist
  8365 | Elf:3    | Killed a deep elf demonologist
  8383 | Elf:3    | Noticed a deep elf annihilator
  8388 | Elf:3    | Noticed a deep elf sorcerer
  8408 | Elf:3    | Killed a deep elf annihilator
  8414 | Elf:3    | Slain by an ice devil

Action                   |  1- 3 |  4- 6 |  7- 9 | 10-12 | 13-15 || total
-------------------------+-------+-------+-------+-------+-------++-------
Melee: Hand axe          |    75 |    75 |       |       |       ||   150
       War axe           |       |    71 |   256 |   249 |       ||   576
       Battleaxe         |       |       |       |    41 |    43 ||    84
       Executioner's axe |       |       |       |   405 |     7 ||   412
Invok: Berserk           |     3 |     4 |     5 |     2 |     1 ||    15
       Trog's Hand       |       |     5 |     7 |    16 |     5 ||    33
       Brothers in Arms  |       |       |       |     2 |       ||     2
       Burn Spellbooks   |       |       |       |     1 |       ||     1
Evoke: Wand              |       |     1 |     3 |     5 |       ||     9
  Use: Scroll            |       |     4 |     1 |    15 |       ||    20
       Potion            |       |     4 |     4 |     2 |       ||    10
 Stab: Invisible         |       |       |     2 |       |       ||     2
